 Dungeon Crawl Stone Soup version 0.28.0-47-ge53b351184 (webtiles) character file.

Game seed: 18021464889236991328

2277 MortyMaxwell the Magician (level 9, -1/53 HPs)
             Began as a Djinni Earth Elementalist on Apr 26, 2022.
             Was a Priest of Hepliaklqana.
             Killed by divine providence
             ... invoked by an orc priest
              (12 damage)
             ... on level 6 of the Dungeon.
             The game lasted 00:39:29 (7143 turns).

MortyMaxwell the Magician (DjEE)                    Turns: 7143, Time: 00:39:30

Health: -1/53      AC:  4    Str:  9    XL:     9   Next: 66%
Gold:   241        EV: 13    Int: 19    God:    Hepliaklqana [***...] SH:  0 Dex: 14

rFire   + + .      SeeInvis .   f - +2 long sword
rCold   x . .      Faith    .   (no shield)
rNeg    + . .      Spirit   .   t - +2 robe {rN+}
rPois   ∞          Reflect  .   (no helmet)
rElec   .          Harm     .   (no cloak)
rCorr   .          Rampage  .   (no gloves)
Will    .....                   (boots unavailable)
Stlth   ++........              (no amulet)
HPRegen 0.17/turn               (no ring)
MPRegen 0.00/turn               (no ring)

@: flying
A: reduced essence, sickness immunity, fire resistance 2, cold vulnerability 1,
float, innate caster, HP casting, extra vitality 1
a: Renounce Religion, Recall Ancestor, Ancestor Identity, Transference


You were on level 6 of the Dungeon.
You worshipped Hepliaklqana.
Hepliaklqana was most pleased with you.
You visited 1 branch of the dungeon, and saw 6 of its levels.
You also visited: Sewer.

You collected 241 gold pieces.

Inventory:

Hand Weapons
 f - a +2 long sword (weapon)
 p - a +0 vampiric hand axe
 u - a +0 dagger
Missiles
 c - 13 sling bullets
 g - 151 stones (quivered)
 h - 13 poisoned darts
 j - 6 atropa-tipped darts
 o - a throwing net
Armour
 b - a +1 robe
 t - a +2 robe of positive energy (worn)
Wands
 z - a wand of iceblast (5)
 A - a wand of mindburst (14)
Scrolls
 l - 2 scrolls of blinking
 r - a scroll of magic mapping
 s - 2 scrolls of silence
 y - a scroll of torment
 B - a scroll of fear {unknown}
Potions
 a - a potion of flight {unknown}
 d - 2 potions of brilliance {unknown}
 e - a potion of mutation {unknown}
 i - a potion of heal wounds {unknown}
 k - 2 potions of curing {unknown}
 m - 2 potions of haste {unknown}
 n - a potion of might
 q - a potion of lignification {unknown}
 v - a potion of magic {unknown}
 w - a potion of resistance {unknown}
 x - a potion of ambrosia {unknown}


   Skills:
 * Level 2.8 Fighting
 * Level 2.6 Long Blades
 * Level 2.2 Axes
 * Level 2.7 Throwing
 * Level 3.1 Armour
 * Level 4.2 Dodging
 * Level 3.5 Stealth
 * Level 6.1 Spellcasting
 * Level 2.9 Invocations
 * Level 2.2 Evocations


You had one spell level left.
You knew the following spells:

 Your Spells              Type           Power      Damage    Failure   Level
a - Sandblast             Erth           58%        2d13      1%          1
b - Passwall              Tmut/Erth      24%        N/A       1%          2
c - Stone Arrow           Conj/Erth      58%        3d10      2%          3
d - Petrify               Tmut/Erth      29%        N/A       9%          4
e - Magic Dart            Conj           100%       1d8       1%          1
f - Searing Ray           Conj           58%        2d6       1%          2
g - Blink                 Tloc           58%        N/A       1%          2
h - Fulminant Prism       Conj/Hex       14%        3d9       9%          4
Your spell library was empty.

Dungeon Overview and Level Annotations

Branches:
Dungeon (6/15)             Temple (0/1) D:5           Sewer (visited)

Altars:
Ashenzari
Dithmenos
Gozag
Hepliaklqana
Kikubaaqudgha
Trog
Vehumet


Innate Abilities, Weirdness & Mutations

Your life essence is reduced to manifest your ancestor. (-10% HP)
You are immune to sickness and miasma.
You are immune to poison.
Your flesh is very heat resistant. (rF++)
You are vulnerable to cold. (rC-)
You float through the air rather than walking.
You learn spells naturally, not from books.
Your magical power is your life essence.
You have superior vitality. (+4 MHP)


Message History

g - 152 stones You swap places.
Things that are here:
a +0 short sword; a +0 ring mail; an orc corpse An orc comes into view.
It is wielding a +0 mace.
Casting: Sandblast (safe; 1% risk of failure)
Confirm with . or Enter, or press ? or * to list all spells.
Aiming: Stone Arrow (dangerous; 2% risk of failure)
Press: ? - help, Shift-Dir - straight line, f - orc
Aim: an orc, wielding a +0 mace (71% to hit)
The stone arrow misses the orc.
* * * LOW HITPOINT WARNING * * *
You hear a shout!
Casting: Stone Arrow (dangerous; 2% risk of failure)
Confirm with . or Enter, or press ? or * to list all spells.
Aiming: Sandblast (safe; 1% risk of failure)
Press: ? - help, Shift-Dir - straight line, f/p - orc
Aim: an orc, wielding a +0 mace (81% to hit)
The blast of sand hits the orc.
The orc is almost dead.
g - 151 stones
* * * LOW HITPOINT WARNING * * *
The orc hits you with a +0 mace.
* * * LOW HITPOINT WARNING * * *
Roy Maxwell gestures at the orc while chanting.
The stone arrow hits the orc!
The orc dies!
Aiming: Mindburst
Press: ? - help, Shift-Dir - straight line, f - orc
Aim: an orc, wielding a +0 hand axe (chance to affect: 86%)
The orc's mind is blasted!
You blow up the orc!
You hear a shout!
An orc priest comes into view. It is wielding a +0 hand axe.
The orc priest shouts!
Things that are here:
a +0 mace; 16 gold pieces; an orc corpse The orc priest mumbles some strange prayers to Beogh against you.
Beogh smites you!
You die...

#.........#
#....!....# #####
#.........# ....#
##.........# .....#
...........# .....#
#.........# #.... .
##.........# ... ...
..........)###o#.....
##.........R)@.......
#...........#(####.#
##........##..#
#.....†.## .##
#.####(## ## #.# #)#
#.# ##)# # #.# #.)#
.# # #.# #.## .#


You could see the friendly Roy Maxwell the battlemage and an orc priest.

Vanquished Creatures
  A cyclops (D:6)
  2 ogres (D:5)
  A centaur (D:5)
  A kobold brigand (Sewer)
  A hound (D:5)
  A jelly (D:4)
  A gnoll shaman (D:4)
  An iguana (D:6)
  Jessica (D:2)
  An orc wizard (D:5)
  2 gnolls (D:4)
  9 adders
  A river rat (D:5)
  A shadow imp (D:5)
  2 white imps
  An adder zombie (D:5)
  2 worms
  3 dart slugs (D:2)
  11 orcs
  10 ball pythons
  5 bats
  8 endoplasms
  6 giant cockroaches
  A goblin (D:1)
  2 hobgoblins
  4 jackals (D:1)
  2 quokkas
  4 frilled lizards
  10 kobolds
  7 rats
  A butterfly (D:5)
103 creatures vanquished.

Vanquished Creatures (collateral kills)
  Sigmund (D:6)
  Eustachio (D:6)
  A water moccasin (D:6)
  An ice beast (D:6)
  3 black bears
  A hornet zombie (D:6)
  A scorpion (D:5)
  A wyvern skeleton (D:6)
  A bullfrog zombie (D:5)
  A hound (D:5)
  2 orc wizards
  An iguana (D:5)
  3 gnolls (D:4)
  3 adders
  4 orcs
  2 ball pythons
  A hobgoblin (D:4)
  A kobold (Sewer)
  A rat (Sewer)
30 creatures vanquished.

Vanquished Creatures (others)
  2 battlemagi (D:5)
  8 fungi (D:6)
  A plant (D:1)
  3 toadstools (D:6)
  5 withered plants (D:3)
19 creatures vanquished.

Grand Total: 152 creatures vanquished

Notes
Turn   | Place    | Note
-------+----------+-------------------------------------------
     0 | D:1      | MortyMaxwell the Djinni Earth Elementalist began the quest
                  | for the Orb.
     0 | D:1      | Reached XP level 1. HP: 15/15 MP: 0/0
   195 | D:1      | Reached XP level 2. HP: 16/21 MP: 0/0
   892 | D:1      | Reached XP level 3. HP: 24/25 MP: 0/0
   892 | D:1      | Learned a level 1 spell: Magic Dart
   974 | D:1      | Reached skill level 3 in Spellcasting
  1012 | D:1      | Found a faded altar of an unknown god.
  1021 | D:1      | Prayed at the altar of an unknown god.
  1021 | D:1      | Became a worshipper of Hepliaklqana the Forgotten
  1021 | D:1      | Reached * piety under Hepliaklqana
  1879 | D:2      | Noticed Jessica
  1887 | D:2      | Killed Jessica
  1888 | D:2      | Reached XP level 4. HP: 12/27 MP: 0/0
  2537 | D:3      | Reached XP level 5. HP: 17/32 MP: 0/0
  2537 | D:3      | Learned a level 2 spell: Searing Ray
  2803 | D:3      | Reached skill level 1 in Armour
  3344 | D:4      | Reached skill level 1 in Fighting
  3344 | D:4      | Reached skill level 1 in Throwing
  3344 | D:4      | Reached skill level 1 in Invocations
  3344 | D:4      | Reached XP level 6. HP: 34/37 MP: 0/0
  3371 | D:4      | Reached ** piety under Hepliaklqana
  3381 | D:4      | Remembered your ancestor Roy Maxwell as a battlemage
  3407 | D:4      | Reached skill level 4 in Spellcasting
  3551 | D:4      | Reached skill level 1 in Long Blades
  4082 | D:4      | Noticed a black bear
  4090 | D:4      | Killed a black bear
  4091 | D:4      | Reached XP level 7. HP: 21/42 MP: 0/0
  4091 | D:4      | Learned a level 2 spell: Blink
  4504 | D:5      | Entered Level 5 of the Dungeon
  4561 | D:5      | Found a bloodstained altar of Trog.
  4812 | D:5      | Found a glowing drain.
  4822 | D:5      | Reached skill level 1 in Axes
  4826 | Sewer    | Entered a sewer
  5283 | Sewer    | Reached XP level 8. HP: 21/48 MP: 0/0
  5784 | D:5      | Found a staircase to the Ecumenical Temple.
  5838 | D:5      | Reached skill level 5 in Spellcasting
  6030 | D:5      | Identified the +5 spear of Dithmenos's Esteem {antimagic,
                  | rC+ Dex+2}
  6437 | D:5      | Found a broken altar of Ashenzari.
  6455 | D:5      | Found a shadowy altar of Dithmenos.
  6571 | D:5      | Found an opulent altar of Gozag.
  6619 | D:6      | Noticed Sigmund
  6619 | D:6      | Noticed a cyclops
  6636 | D:6      | Reached *** piety under Hepliaklqana
  6647 | D:6      | Killed Sigmund
  6648 | D:6      | Reached skill level 1 in Evocations
  6651 | D:6      | Killed a cyclops
  6652 | D:6      | Reached XP level 9. HP: 24/53 MP: 0/0
  6652 | D:6      | Learned a level 4 spell: Fulminant Prism
  6712 | D:6      | Noticed Eustachio
  6720 | D:6      | Killed Eustachio
  6932 | D:6      | Reached skill level 6 in Spellcasting
  7143 | D:6      | Killed from afar by an orc priest

Illustrated notes

Levels and vault maps discovered:
D:1:      scummos_arrival_forest, layout_loops_cross,
          shapermc_ecumenical_altar_rom_forum
D:2:      layout_rooms, uniq_jessica
D:3:      layout_basic, mainiacjoe_overflow_small_starburst,
          kiku_gazebo_garden_becter
D:4:      layout_basic
D:5:      layout_gridville, nicolae_overflow_hidden_temple,
          minmay_temple_entry_butterflies, portal_sewer_entry_a
D:6:      layout_rooms, lemuel_tele_altar, minmay_gold_behind_fungi,
          st_stairs_9, uniq_sigmund, uniq_grinder, uniq_eustachio

Skill      XL: |  1  2  3  4  5  6  7  8  9 |
---------------+----------------------------+-----
Spellcasting   | 3 4 5 6 |  6.1
Armour         | 1 2 3 |  3.1
Fighting       | 1 2 |  2.8
Throwing       | 1 2 |  2.7
Invocations    | 1 2 |  2.9
Stealth        | 2 3 |  3.5
Long Blades    | 1 2 |  2.6
Dodging        | 3 4 |  4.2
Axes           | 1 2 |  2.2
Evocations     | 1 2 |  2.2

Action                   |  1- 3 |  4- 6 |  7- 9 || total
-------------------------+-------+-------+-------++-------
Melee: Long sword        |     4 |     1 |     8 ||    13
       Unarmed           |     1 |       |     1 ||     2
       Hand axe          |       |     6 |       ||     6
Throw: Dart              |       |    23 |    13 ||    36
 Cast: Sandblast         |    31 |    23 |    23 ||    77
       Stone Arrow       |    14 |    12 |    39 ||    65
       Magic Dart        |     4 |     6 |       ||    10
       Searing Ray       |       |     3 |     4 ||     7
Invok: Ancestor Identity |     1 |     1 |       ||     2
       Recall Ancestor   |       |     2 |     1 ||     3
       Ancestor Life: Ba |       |     1 |       ||     1
Evoke: Wand              |       |       |     3 ||     3
  Use: Scroll            |     2 |     8 |     5 ||    15
 Stab: Sleeping          |       |       |     1 ||     1
Armor: Robe              |     3 |     5 |     8 ||    16
Dodge: Dodged            |    12 |    15 |    40 ||    67
